 Dungeon Crawl Stone Soup version 0.30-a0-1114-gd936c97349 (webtiles) character file.

Game seed: 11924348119082496594

1206 kae the Changer (level 8, -2/70 HPs)
             Began as a Grey Draconian Transmuter on Apr 20, 2023.
             Slain by an ufetubus (4 damage)
             ... on level 5 of the Dungeon.
             The game lasted 00:04:29 (4976 turns).

kae the Changer (Grey Draconian Transmuter)         Turns: 4976, Time: 00:04:29

Health: -2/70      AC:  0    Str: 12    XL:     8   Next: 21%
Magic:  8/12       EV: 10    Int: 16    God:
Gold:   343        SH:  0    Dex: 12    Spells: 3/13 levels left

rFire   x . .      SeeInvis .      - Unarmed
rCold   + + +      Faith    .    (shield currently unavailable)
rNeg    . . .      Spirit   .    (body armour unavailable)
rPois   +          Reflect  .    (helmet currently unavailable)
rElec   .          Rampage  .    (cloak currently unavailable)
rCorr   .                        (gloves currently unavailable)
Will    .....                    (boots currently unavailable)
Stlth   +                        (no amulet)
HPRegen 0.31/turn                (no ring)
MPRegen 0.13/turn                (no ring)

@: ice-form, wereblooded, corroded
A: freezing attack, boosted hp, AC +11, amphibious, large, unfitting armour,
(cold-blooded)
a: End Transformation


You were on level 5 of the Dungeon.
You were a creature of crystalline ice.
You visited 1 branch of the dungeon, and saw 6 of its levels.
You also visited: Sewer.

You collected 343 gold pieces.


Innate Abilities, Weirdness & Mutations

You are a creature of crystalline ice.
You have a powerful freezing melee attack.
Your maximum health is increased.
Your armour is entirely melded.
You are incapable of wielding weapons or throwing items.
((Your dull iron-grey scales are very hard. (AC +11)))
You are amphibious.
You cannot fit into any form of body armour.
((You are cold-blooded and may be slowed by cold attacks.))


   Skills:
 - Level 1.1 Fighting
 - Level 1.7 Dodging
 - Level 3.0 Unarmed Combat
 - Level 3.2 Spellcasting
 - Level 7.0 Transmutations
 * Level 5.6 Ice Magic
 - Level 2.8 Poison Magic


You had 3 spell levels left.
You knew the following spells:

 Your Spells              Type           Power      Damage    Failure   Level
a - Beastly Appendage     Tmut           48%        N/A       1%          1
b - Wereblood             Tmut           24%        N/A       1%          2
c - Spider Form           Tmut/Pois      18%        N/A       8%          3
d - Ice Form              Ice/Tmut       22%        N/A       14%         4

Your spell library contained the following spells:

 Spells                   Type           Power      Damage    Failure   Level
 Ensorcelled Hibernation  Hex/Ice        22%        N/A       9%          2
 Tukima's Dance           Hex            2%         N/A       50%         3
 Yara's Violent Unravell  Hex/Tmut       6%         3d5       77%         5
 Anguish                  Hex/Necr       1%         N/A       88%         4
 Passage of Golubria      Tloc           2%         N/A       88%         4

Inventory:

Missiles
 g - 18 stones
 j - 13 poisoned darts
 p - 5 atropa-tipped darts
 q - 13 boomerangs
Wands
 d - a wand of paralysis (18)
   (You found it on level 2 of the Dungeon)
 n - a wand of polymorph (17)
   (You found it on level 3 of the Dungeon)
 u - a wand of iceblast (14)
   (You found it on level 5 of the Dungeon)
Scrolls
 b - a scroll of poison {!r}
 f - 2 scrolls of brand weapon
 l - 2 scrolls of blinking {!r}
 m - a scroll of torment {!r}
 s - a scroll of silence {unknown}
 t - a scroll of identify {@r1}
Potions
 a - a potion of lignification {!q}
 c - 4 potions of curing {@q1}
 e - 3 potions of heal wounds {@q2}
 h - a potion of berserk rage {!q}
 i - a potion of invisibility {unknown}
 k - a potion of brilliance
 o - 3 potions of flight
 r - a potion of resistance {unknown}

Dungeon Overview and Level Annotations

Branches:
Dungeon (6/15) Zot: 26967   Sewer (visited)
 Temple: D:4-7

Altars:
Fedhas
Hepliaklqana
Makhleb
Qazlal
Uskayaw

Shops:
D:3 (

Annotations:
D:4 3 runed translucent doors, PostNTower's ghost, amateur DsMo; snipermoke's ghost, amateur DgFi; yokelz's ghost, amateur AtFi
D:6 Maggie

.....#...+.......#
.....#...##......#
..####...##......#
..'.......'......#
..#.......#..†...#
#.#.......#......#
#.###....##......#
#####....##....5K#
#........#......Y#
#........#.....).#
.....<...+.......#
##################


You could see a kobold brigand and an ufetubus.


Message History

The jelly quivers. x2
An orc wizard comes into view. It is wielding a +0 dagger.
A gnoll sergeant comes into view. It is wielding a +0 spear.
You barely miss the ufetubus.
The orc wizard shouts!
The ufetubus misses you.
The ufetubus hits you but does no damage.
You barely miss the orc.
The ufetubus hits you but does no damage.
The ufetubus barely misses you. The ufetubus closely misses you.
The ufetubus hits you. 😕 HP[-3] MP[+1]
You take 3 damage, and now have 67/70 hp.
You barely miss the orc. The ufetubus hits you. The ufetubus barely misses you.
The orc hits you with a +0 hand axe. 😕 HP[-5]
You take 5 damage, and now have 62/70 hp.
You hit the orc. You freeze the orc.
The ufetubus hits you but does no damage.
The ufetubus closely misses you.
The orc wizard gestures at you while chanting.
The puff of flame hits you. The kobold brigand closely misses you.
The orc hits you but does no damage. 😕 HP[-1]
You take 1 damage, and now have 61/70 hp.
You barely miss the orc. The ufetubus misses you.
The ufetubus hits you but does no damage.
A scorpion comes into view.
The ufetubus barely misses you.
The ufetubus hits you but does no damage.
The kobold brigand hits you with a +0 short sword.
The orc hits you with a +0 hand axe. 😕 HP[-6]
You take 6 damage, and now have 55/70 hp.
The ufetubus hits you but does no damage.
The ufetubus closely misses you. The jelly hits you but does no damage.
The orc misses you. The kobold brigand barely misses you.
The gnoll sergeant hits you from afar with a +0 spear.
You climb upwards.
There is a stone staircase leading down here. 😕 HP[-1]
You take 1 damage, and now have 54/70 hp.
You punch the orc! You freeze the orc.
You feel a bit better.
You kill the orc!
The ufetubus closely misses you. The ufetubus hits you. The jelly hits you.
The acid corrodes you!
You are splashed with acid!
The kobold brigand closely misses you.
The ufetubus hits you but does no damage. x2
You are too injured to fight recklessly! 😮 HP[-9]
You take 9 damage, and now have 45/70 hp.
You are too injured to fight recklessly!
You are too injured to fight recklessly!
You are too injured to fight recklessly!
You are too injured to fight recklessly!
You are too injured to fight recklessly!
You are too injured to fight recklessly!
You hit the jelly. You freeze the jelly.
Your front paws burn!
The ufetubus hits you. The ufetubus completely misses you. The jelly hits you.
The acid corrodes you!
You are splashed with acid!
* * * LOW HITPOINT WARNING * * *
The kobold brigand hits you with a +0 short sword.
* * * LOW HITPOINT WARNING * * *
😨 HP[-23]
You take 23 damage, and now have 22/70 hp.
MASSIVE DAMAGE!! (PAUSE)
You hit the jelly but do no damage.
Your front paws burn!
* * * LOW HITPOINT WARNING * * *
The ufetubus barely misses you. The ufetubus hits you.
* * * LOW HITPOINT WARNING * * *
The jelly barely misses you. The kobold brigand barely misses you.
The ufetubus hits you.
* * * LOW HITPOINT WARNING * * *
The ufetubus hits you.
* * * LOW HITPOINT WARNING * * *
😱 HP[-14] MP[+1]
You take 14 damage, and now have 8/70 hp.
You punch the jelly! You freeze the jelly.
Your front paws burn!
* * * LOW HITPOINT WARNING * * *
The ufetubus closely misses you. The ufetubus barely misses you.
The jelly barely misses you.
The kobold brigand hits you with a +0 short sword.
* * * LOW HITPOINT WARNING * * *
😱 HP[-5]
You take 5 damage, and now have 3/70 hp.
Unknown command.
Okay, then.
You feel much better. The ufetubus hits you.
* * * LOW HITPOINT WARNING * * *
The ufetubus hits you.
* * * LOW HITPOINT WARNING * * *
The jelly misses you.
The kobold brigand hits you with a +0 short sword.
* * * LOW HITPOINT WARNING * * *
😱 HP[-2]
You take 2 damage, and now have 1/70 hp.
You punch the jelly! You freeze the jelly.
You feel a bit better.
You kill the jelly!
The ufetubus closely misses you. The ufetubus hits you.
You die...

Skill      XL: |  1  2  3  4  5  6  7 |
---------------+----------------------+-----
Poison Magic   | 1 2 |  2.8
Transmutations | 3 4 5 7 |  7.0
Spellcasting   | 3 |  3.2
Ice Magic      | 2 5 |  5.6
Fighting       | |  1.1
Dodging        | |  1.7
Unarmed Combat | |  3.0

Action                     |  1- 3 |  4- 6 |  7- 9 || total
---------------------------+-------+-------+-------++-------
  Melee: Unarmed           |   116 |   168 |    69 ||   353
         Kick              |    24 |     2 |       ||    26
         Headbutt          |    11 |     4 |       ||    15
         Tailslap          |     8 |    12 |       ||    20
         Punch             |       |     1 |       ||     1
   Cast: Beastly Appendage |    33 |     5 |       ||    38
         Spider Form       |     1 |    14 |     3 ||    18
         Wereblood         |       |     3 |     4 ||     7
         Ice Form          |       |     1 |     5 ||     6
    Use: Scroll            |     6 |     5 |       ||    11
         Potion            |       |       |     1 ||     1
 Armour: Skin              |    39 |    34 |    25 ||    98
  Dodge: Dodged            |    87 |   104 |    52 ||   243

Levels and vault maps discovered:
D:1:      lightli_arrival_statuegarden, layout_basic, chequers_jeans
D:2:      layout_loops_ring, hangedman_decor_growths
D:3:      layout_basic, grunt_temple_overflow_forces_of_nature,
          mainiacjoe_overflow_catwalk, mainiacjoe_overflow_alcove_2,
          hellmonk_ecumenical_altar_dog_temple, gup_sewer_entry_glass,
          serial_shops, shop
D:4:      layout_basic, nicolae_overflow_crystal_walls,
          gammafunk_ghost_cemetery, minmay_gold_behind_fungi,
          chequers_serial_rivers_large_b, interstate_on_off,
          serial_bayou_pond_a, minmay_misc_feat_tower, kennysheep_flooded_box
D:5:      layout_gridville, minmay_ogre_servants, uniq_eustachio
D:6:      hangedman_cross_stitches, layout_basic, elyvilon_altar_4,
          minmay_temple_entry_stoned_glass, chequers_decorated_corner,
          uniq_grinder, uniq_maggie

Notes
Turn   | Place    | Note
-------+----------+-------------------------------------------
     0 | D:1      | kae the Draconian Transmuter began the quest for the Orb.
     0 | D:1      | Reached XP level 1. HP: 16/16 MP: 3/3
     0 | D:1      | magus.rc [v1.11.3]
   236 | D:1      | Reached XP level 2. HP: 18/23 MP: 3/5
   415 | D:1      | Reached skill level 1 in Poison Magic
   956 | D:2      | Reached XP level 3. HP: 25/28 MP: 6/6
   961 | D:2      | Learned a level 2 spell: Wereblood
   965 | D:2      | Learned a level 3 spell: Spider Form
  1238 | D:2      | Reached skill level 3 in Transmutations
  1265 | D:2      | You add the spells Tukima's Dance, Passage of Golubria and
                  | Yara's Violent Unravelling to your library.
  1713 | D:3      | Reached skill level 2 in Poison Magic
  1713 | D:3      | Reached XP level 4. HP: 34/35 MP: 3/7
  1764 | D:3      | Found a blossoming altar of Fedhas.
  1768 | D:3      | Found a stormy altar of Qazlal.
  1848 | D:3      | Found a faded altar of an unknown god.
  1865 | D:3      | Found Vayp's Antique Weapon Shop.
  2076 | D:3      | Reached XP level 5. HP: 38/40 MP: 5/9
  2085 | D:3      | Found a hide-covered altar of Uskayaw.
  2146 | D:3      | Found a glowing drain.
  2184 | Sewer    | Entered a sewer
  2196 | Sewer    | Reached skill level 4 in Transmutations
  2324 | Sewer    | Reached skill level 3 in Spellcasting
  2403 | Sewer    | Found a white marble altar of Elyvilon.
  2521 | D:3      | Learned a level 4 spell: Ice Form
  2587 | D:3      | Found a burning altar of Makhleb.
  2720 | D:4      | Found a hazy altar of Hepliaklqana.
  2791 | D:4      | You pick up a book of Dreams and begin reading...
  2791 | D:4      | You add the spells Ensorcelled Hibernation and Anguish to
                  | your library.
  2949 | D:4      | Reached XP level 6. HP: 47/47 MP: 6/10
  3265 | D:4      | Found a runed translucent gate.
  3265 | D:4      | Found a runed translucent gate.
  3265 | D:4      | Found a runed translucent gate.
  3265 | D:4      | Noticed snipermoke's ghost (amateur DgFi)
  3265 | D:4      | Noticed PostNTower's ghost (amateur DsMo)
  3266 | D:4      | Noticed yokelz's ghost (amateur AtFi)
  3371 | D:4      | Reached skill level 5 in Transmutations
  3371 | D:4      | Reached skill level 1 in Ice Magic
  3939 | D:5      | Entered Level 5 of the Dungeon
  3969 | D:5      | Reached skill level 2 in Ice Magic
  4027 | D:5      | Your scales start taking on a dull iron-grey colour.
  4027 | D:5      | Reached XP level 7. HP: 52/52 MP: 3/11
  4152 | D:5      | Reached skill level 3 in Ice Magic
  4273 | D:5      | Reached skill level 6 in Transmutations
  4424 | D:5      | Reached skill level 4 in Ice Magic
  4660 | D:5      | Noticed Eustachio
  4671 | D:5      | Killed Eustachio
  4672 | D:5      | Reached skill level 7 in Transmutations
  4672 | D:5      | Reached skill level 5 in Ice Magic
  4672 | D:5      | Reached XP level 8. HP: 58/59 MP: 6/12
  4944 | D:6      | Noticed Maggie
  4973 | D:5      | HP: 17/70 [acid (5)]
  4973 | D:5      | HP: 8/70 [ufetubus (5)]
  4974 | D:5      | HP: 3/70 [kobold brigand/+0 short sword (5)]
  4975 | D:5      | HP: 1/70 [kobold brigand/+0 short sword (5)]
  4976 | D:5      | Slain by an ufetubus

Vanquished Creatures
  Eustachio (D:5)
  A black bear (D:5)
  A centaur (D:5)
  2 ogres (D:5)
  2 phantoms
  A kobold brigand (Sewer)
  2 scorpions (D:5)
  A hound (D:5)
  An orc priest (D:5)
  2 jellies (D:5)
  2 iguanas
  3 orc wizards
  6 adders
  A river rat (Sewer)
  2 worms
  4 dart slugs
  11 orcs
  5 endoplasms
  5 giant cockroaches
  15 goblins
  7 hobgoblins
  6 jackals
  3 kobolds
  2 quokkas (D:1)
  10 ball pythons
  7 bats
  2 frilled lizards
  10 rats
115 creatures vanquished.

Vanquished Creatures (others)
  5 toadstools (D:4)
5 creatures vanquished.

Grand Total: 120 creatures vanquished

Table legend:
 A = Non-vault XP
 B = Vault XP
 C = Vault XP percentage of total XP
 D = Non-vault monster count
 E = Vault monster count
 F = Vault count percentage of total count
                 A         B        C        D         E       F
            +---------+---------+-------+---------+---------+-------
      Total |    1244 |     519 |  29.4 |      85 |      30 |  26.1
            +---------+---------+-------+---------+---------+-------
        D:1 |      34 |       0 |   0.0 |      18 |       0 |   0.0
        D:2 |      52 |       0 |   0.0 |      24 |       0 |   0.0
        D:3 |     122 |      36 |  22.8 |      15 |       7 |  31.8
        D:4 |     160 |       0 |   0.0 |       7 |       0 |   0.0
        D:5 |     876 |     366 |  29.5 |      21 |      12 |  36.4
      Sewer |       0 |     117 | 100.0 |       0 |      11 | 100.0
            +---------+---------+-------+---------+---------+-------

Illustrated notes

Table legend:
 A = Kills in this place as a percentage of kills in the entire game.
 B = Kills by you in this place as a percentage of kills by you in the entire game.
 C = Kills by friends in this place as a percentage of kills by friends in the entire game.
 D = Other kills in this place as a percentage of other kills in the entire game.
 E = Experience gained in this place as a percentage of experience gained in the entire game.
 F = Experience gained in this place divided by the number of levels of this place that you have seen.
                   A       B       C       D       E      F
               +-------+-------+-------+-------+-------+----------------------
         Total | 100.0 | 100.0 |   N/A |   N/A | 100.0 | 251.9
       Dungeon |  90.4 |  90.4 |   N/A |   N/A |  93.4 | 274.3
         Sewer |   9.6 |   9.6 |   N/A |   N/A |   6.6 | 117.0
               +-------+-------+-------+-------+-------+----------------------

Table legend: (Time is in decaauts)
 A = Elapsed time spent in this place.
 B = Non-inter-level travel time spent in this place.
 C = Inter-level travel time spent in this place.
 D = Time resting spent in this place.
 E = Time spent auto-exploring this place.
 F = Levels seen in this place.
 G = Mean time per level.
                   A        B        C        D        E       F      G
               +--------+--------+--------+--------+--------+-----+--------+
         Total |   5013 |   4864 |    149 |    116 |   3789 |   7 |  716.1 |
       Dungeon |   4663 |   4514 |    149 |     93 |   3537 |   6 |  777.2 |
         Sewer |    350 |    350 |      0 |     23 |    251 |   1 |  350.0 |
               +--------+--------+--------+--------+--------+-----+--------+

Top non-repeatable levels by time:
     D:4: 1291 daAuts
     D:5: 1018 daAuts
     D:1: 852 daAuts
     D:2: 787 daAuts
     D:3: 699 daAuts
   Sewer: 350 daAuts
     D:6: 14 daAuts
